 Dungeon Crawl Stone Soup version 0.29.1-1-gd02db6906a (webtiles) character file.

Game seed: 10541187921285431434

54 Sanktem7 the Trooper (level 3, -1/34 HPs)
             Began as a Minotaur Fighter on Oct 2, 2022.
             Slain by Crazy Yiuf
             ... wielding a +2 quarterstaff of chaos
              (10 damage)
             ... on level 2 of the Dungeon.
             The game lasted 00:01:40 (2055 turns).

Sanktem7 the Trooper (Minotaur Fighter)             Turns: 2055, Time: 00:01:40

Health: -1/34      AC: 11    Str: 22    XL:     3   Next: 66%
Magic:  2/2        EV:  6    Int:  5    God:
Gold:   67         SH:  4    Dex:  9    Spells: 2/2 levels left

rFire   . . .      SeeInvis .   a - +0 war axe {axe}
rCold   . . .      Faith    .   c - +0 buckler
rNeg    . . .      Spirit   .   s - +0 plate armour
rPois   .          Reflect  .   (helmet restricted)
rElec   .          Harm     .   (no cloak)
rCorr   .          Rampage  .   (no gloves)
Will    +....                   (no boots)
Stlth   ..........              k - amulet of the acrobat
HPRegen 0.11/turn               r - ring of willpower
MPRegen 0.08/turn               (no ring)

@: no status effects
A: horns 2, retaliatory headbutt
a: no special abilities


You were on level 2 of the Dungeon.
You visited 1 branch of the dungeon, and saw 2 of its levels.

You collected 67 gold pieces.


Innate Abilities, Weirdness & Mutations

You have a pair of horns on your head.
You reflexively headbutt those who attack you in melee.


   Skills:
 * Level 4.7 Fighting
 * Level 3.9 Axes
 - Level 3.6 Armour
 - Level 3.6 Shields


You had 2 spell levels left.
You didn't know any spells.
Your spell library was empty.

Inventory:

Hand Weapons
 a - a +0 war axe (weapon) {axe}
 q - a +2 short sword of electrocution {short}
   (You took it off a kobold on level 2 of the Dungeon)
Missiles
 l - 34 stones (quivered) {throwing}
Armour
 b - a +0 scale mail
 c - a +0 buckler (worn)
 s - a +0 plate armour (worn)
   (You found it on level 2 of the Dungeon)
Jewellery
 k - an amulet of the acrobat (around neck)
   (You found it on level 1 of the Dungeon)
 r - a ring of willpower (left hand)
   (You found it on level 2 of the Dungeon)
Scrolls
 f - 2 scrolls of enchant armour {unknown}
 g - 4 scrolls of identify {unknown}
 h - a scroll of torment {unknown}
 i - a scroll of teleportation {unknown}
 m - a scroll of magic mapping {unknown}
 o - a scroll of fear {unknown}
 p - a scroll of amnesia {unknown}
Potions
 d - a potion of might
 e - a potion of heal wounds {unknown}
 j - a potion of mutation {unknown}
 n - a potion of lignification {unknown}

Dungeon Overview and Level Annotations

Branches:
Dungeon (2/15) Zot: 9919

Altars:

Annotations:
D:2 Crazy Yiuf

......................#.......###
.........†.###########'.......'.>
....####...# ##.......##.
....####...# ##### #.......###.
......##...# #..)# #.....#.#...
......##...# #...# #.....#.#.#.
###...##...# ... #.....#.#.#<
......###..# #g# #.....#†#.#.
......###..# ♣♣@♣ #.....#.#.#.
......##...# ♣.♣♣ #....##.#.#.
......##...# ♣♣.♣ #....##.#...
.....###...# ♣.♣♣ #....##.###.
.....####..# ♣♣.♣♣ #....##.....
....###....# ♣...♣♣ #..########.
...†'.#....# ♣....♣ #### ##.
....#'#....# ##..## ###..
...........###....###########...#


You could see Crazy Yiuf.


Message History

😕 HP[-1]
You take 1 damage, and now have 33/34 hp.
You slash the ball python!
You kill the ball python!
No target in view!
No target in view!
No target in view!
No target in view!
No target in view!
No target in view!
No target in view!
No target in view!
No target in view!
You now have 31 gold pieces (gained 3).
l - 34 stones {throwing} (gained 5)
You see here a +0 ring mail.
Key pressed, stopping explore.
Crazy Yiuf shouts!
You see here a hobgoblin corpse.
A frilled lizard comes into view.
The frilled lizard hisses angrily. 😎 HP[+1]
Your hp is fully restored (34).
The frilled lizard bites you. 😕 HP[-1]
You take 1 damage, and now have 33/34 hp.
You slash the frilled lizard!
You kill the frilled lizard!
No target in view!
No target in view!
No target in view!
No target in view!
No target in view!
No target in view!
No target in view!
No target in view!
No target in view!
You now have 41 gold pieces (gained 10).
You open the door.
There is an open door here.
Key pressed, stopping explore.
There is an open door here.
Found a stone staircase leading down. 😎 HP[+1]
Your hp is fully restored (34).
No target in view!
You open the door.
There is an open door here.
You now have 60 gold pieces (gained 19).
r - a ring of willpower
Found a stone staircase leading up.
You see here a +0 plate armour.
s - a +0 plate armour You start removing your armour.
You continue taking off your +0 scale mail. x4
You finish taking off your +0 scale mail.
You start putting on your armour.
You continue putting on your +0 plate armour. x5
You finish putting on your +0 plate armour.
You drop a staff of earth {!astaff}.
r - a ring of willpower (left hand)
You start putting on your amulet.
You continue putting on your amulet of the acrobat. x5
You finish putting on your amulet of the acrobat.
You feel ready to tumble and roll out of harm's way.
k - an amulet of the acrobat (around neck)
There is an open door here.
A kobold comes into view. It is wielding a +0 dagger.
The kobold shouts!
The kobold misses you.
You barely miss the kobold. You headbutt the kobold.
You kill the kobold!
No target in view!
No target in view!
No target in view!
No target in view!
No target in view!
No target in view!
No target in view!
No target in view!
You now have 67 gold pieces (gained 7).
Things that are here:
a +0 dagger {short}; a kobold corpse
i - a scroll labelled ILUTADOJIS You see here a +0 scale mail.
Crazy Yiuf says, "Pitchfork!
Paint shrimp song."
Key pressed, stopping explore.
Crazy Yiuf yells, "Gum childish green!"
No reachable target in view!
You open the door. You slash Crazy Yiuf!
Crazy Yiuf hits you with a +2 quarterstaff of chaos.
Crazy Yiuf burns you. 😕 HP[-6]
You take 6 damage, and now have 28/34 hp.
You barely miss Crazy Yiuf. Your headbutt misses Crazy Yiuf.
Crazy Yiuf hits you with a +2 quarterstaff of chaos! x2
* * * LOW HITPOINT WARNING * * *
You are electrocuted!
You die...

Skill      XL: |  1 |
---------------+----+-----
Fighting       | 4 |  4.7
Axes           | 3 |  3.9
Armour         | |  3.6
Shields        | |  3.6

Action                   || total
-------------------------++-------
Melee: War axe           ||    68
       Headbutt          ||    10
Armor: Scale mail        ||    19
Dodge: Dodged            ||    30
Block: Buckler           ||    16

Levels and vault maps discovered:
D:1:      mrwooster_arrival_statue_2, layout_basic
D:2:      layout_basic, dreamdust_ecumenical_altar_statues,
          uniq_crazy_yiuf_cottage

Notes
Turn   | Place    | Note
-------+----------+-------------------------------------------
     0 | D:1      | Sanktem7 the Minotaur Fighter began the quest for the Orb.
     0 | D:1      | Reached XP level 1. HP: 19/19 MP: 0/0
     0 | D:1      | magus.rc [v1.9.6]
   259 | D:1      | Reached skill level 4 in Fighting
   286 | D:1      | Reached skill level 3 in Axes
   286 | D:1      | Reached XP level 2. HP: 27/27 MP: 1/1
  1325 | D:2      | Reached XP level 3. HP: 27/34 MP: 2/2
  1549 | D:2      | Found a faded altar of an unknown god.
  1728 | D:2      | Found a runed translucent door.
  1729 | D:2      | Noticed Crazy Yiuf
  2055 | D:2      | Slain by Crazy Yiuf

Vanquished Creatures
  2 adders (D:2)
  2 dart slugs (D:1)
  4 bats
  A giant cockroach (D:1)
  4 goblins
  5 hobgoblins
  3 quokkas
  2 ball pythons
  3 frilled lizards
  3 kobolds
  3 rats
32 creatures vanquished.

Table legend:
 A = Non-vault XP
 B = Vault XP
 C = Vault XP percentage of total XP
 D = Non-vault monster count
 E = Vault monster count
 F = Vault count percentage of total count
                 A         B        C        D         E       F
            +---------+---------+-------+---------+---------+-------
      Total |      78 |       0 |   0.0 |      32 |       0 |   0.0
            +---------+---------+-------+---------+---------+-------
        D:1 |      30 |       0 |   0.0 |      16 |       0 |   0.0
        D:2 |      48 |       0 |   0.0 |      16 |       0 |   0.0
            +---------+---------+-------+---------+---------+-------

Illustrated notes

Table legend:
 A = Kills in this place as a percentage of kills in entire the game.
 B = Kills by you in this place as a percentage of kills by you in the entire game.
 C = Kills by friends in this place as a percentage of kills by friends in the entire game.
 D = Other kills in this place as a percentage of other kills in the entire game.
 E = Experience gained in this place as a percentage of experience gained in the entire game.
 F = Experience gained in this place divided by the number of levels of this place that you have seen.
                   A       B       C       D       E      F
               +-------+-------+-------+-------+-------+----------------------
         Total | 100.0 | 100.0 |   N/A |   N/A | 100.0 |  39.0
       Dungeon | 100.0 | 100.0 |   N/A |   N/A | 100.0 |  39.0
               +-------+-------+-------+-------+-------+----------------------

Table legend: (Time is in decaauts)
 A = Elapsed time spent in this place.
 B = Non-inter-level travel time spent in this place.
 C = Inter-level travel time spent in this place.
 D = Time resting spent in this place.
 E = Time spent auto-exploring this place.
 F = Levels seen in this place.
 G = Mean time per level.
                   A        B        C        D        E       F      G
               +--------+--------+--------+--------+--------+-----+--------+
         Total |   2079 |   2024 |     55 |      0 |   1759 |   2 | 1039.5 |
       Dungeon |   2079 |   2024 |     55 |      0 |   1759 |   2 | 1039.5 |
               +--------+--------+--------+--------+--------+-----+--------+

Top non-repeatable levels by time:
     D:1: 1316 daAuts
     D:2: 762 daAuts
